 Dungeon Crawl Stone Soup version 0.31-a0-331-geda263fcf1 (webtiles) character file.

Game seed: 11467723630244739526

36 Dirtsage the Changeling (level 3, -3/24 HPs)
             Began as an Octopode Shapeshifter on July 19, 2023.
             Slain by Terence
             ... wielding a +2 trident of protection
              (12 damage)
             ... on level 2 of the Dungeon.
             The game lasted 00:04:38 (1118 turns).

Dirtsage the Changeling (Octopode Shapeshifter)     Turns: 1118, Time: 00:04:39

Health: -3/24      AC:  1    Str: 14    XL:     3   Next: 37%
Magic:  3/3        EV: 13    Int: 12    God:
Gold:   30         SH:  0    Dex: 12    Spells: 2/2 levels left

rFire   . .          .
                       - Unarmed
rCold   . . .        (no shield)
rNeg    . . .        (helmet currently unavailable)
rPois   .            (no amulet)
rElec   .            (no ring)
rCorr   .            (no ring)
SInv    .            (no ring)
Will    .....        (no ring)
Stlth   ++           (no ring)
HPRegen 0.24/turn    (no ring)
MPRegen 0.08/turn    (no ring)
                     (no ring)

%: no passive effects
@: beast-form
A: beast (slay +2), almost no armour, amphibious, 8 rings, camouflage 1,
gelatinous body 1, (nimble swimmer 1), tentacles
a: Begin Untransformation


You were on level 2 of the Dungeon.
You were a hulking beast.
You visited 1 branch of the dungeon, and saw 2 of its levels.

You collected 30 gold pieces.

Inventory:

Talismans
 b - a beast talisman
 j - a maw talisman
Scrolls
 c - a scroll of teleportation {unknown}
 f - 2 scrolls of identify {unknown}
 h - a scroll of noise {unknown}
Potions
 a - a potion of lignification
 d - a potion of might {unknown}
 e - a potion of curing {unknown}
 g - a potion of haste {unknown}
 i - a potion of magic {unknown}
 k - 3 potions of enlightenment {unknown}


   Skills:
 - Level 2.0 Fighting
 - Level 2.0 Dodging
 + Level 2.9 Unarmed Combat
 + Level 3.5 Shapeshifting


You had 2 spell levels left.
You didn't know any spells.
Your spell library was empty.

Dungeon Overview and Level Annotations

Branches:
Dungeon (2/15)

Altars:

Shops:
D:1 *

Annotations:
D:2 Terence


Innate Abilities, Weirdness & Mutations

You are a hulking beast.
Your limbs bulge with bestial killing power. (Slay +2)
You cannot wear most types of armour.
You are amphibious.
You can wear up to eight rings at the same time.
Your skin changes colour to match your surroundings (Stealth+).
Your rubbery body absorbs attacks. (AC +1, EV +1)
((You are camouflaged when in or above water. (Stealth+)))
You have tentacles for arms and can constrict up to eight enemies at once.


Message History

A ball python is nearby!
You tentacle-slap the ball python but do no damage.
You grab the ball python. You squeeze the ball python.
The ball python is severely wounded.
You constrict the ball python.
You kill the ball python!
No target in view!
Found a stone staircase leading up.
k - 3 fizzy golden potions
There is a stone staircase leading up here.
Terence the Incautious comes into view.
He is wielding a +2 trident of protection.
Terence shouts!
A rat comes into view.
Terence closely misses you.
Okay, then.
Press: ? - help, v - describe, . - travel
Here: Terence, wielding a +2 trident of protection and wearing a +0 scale mail The floor.
Terence hits you with a +2 trident of protection!
Ouch! That really hurt!
You take 14 damage, and have 10/24 hp.
MASSIVE DAMAGE!!
You tentacle-slap Terence. You grab Terence.
Terence is lightly wounded.
You constrict Terence, but do no damage.
Terence misses you.
You tentacle-slap Terence.
Terence is lightly wounded.
You constrict Terence, but do no damage.
Terence hits you with a +2 trident of protection.
You take 2 damage, and have 8/24 hp.
You tentacle-slap Terence but do no damage.
Terence is lightly wounded.
You constrict Terence, but do no damage.
Terence barely misses you.
You tentacle-slap Terence.
Terence is moderately wounded.
You constrict Terence.
Terence hits you with a +2 trident of protection!
Ouch! That really hurt!
You die...

### ..# ##
#.. .# #.. .#
...##..####.#
#......@.#.#
#.##..##h#.#
.....##.#.#
#.####......#
####.###
#.#### #....#
####.# ....
.......# #.#
....
#.......#
##.#


You could see Terence.

Vanquished Creatures
  A worm (D:2)
  2 dart slugs (D:2)
  4 ball pythons
  3 endoplasms (D:1)
  4 goblins
  3 hobgoblins
  2 jackals (D:1)
  4 bats (D:1)
  2 frilled lizards (D:1)
  2 rats
27 creatures vanquished.

Notes
Turn   | Place    | Note
-------+----------+-------------------------------------------
     0 | D:1      | Dirtsage the Octopode Shapeshifter began the quest for the
                  | Orb.
     0 | D:1      | Reached XP level 1. HP: 14/14 MP: 1/1
   241 | D:1      | Reached XP level 2. HP: 19/19 MP: 2/2
   614 | D:1      | Found Ocenonyimu's Assorted Antiques.
   938 | D:2      | Reached XP level 3. HP: 24/24 MP: 3/3
  1109 | D:2      | Noticed Terence
  1118 | D:2      | Slain by Terence

Illustrated notes

Levels and vault maps discovered:
D:1:      evilmike_arrival_crescent, layout_basic, serial_shops, shop
D:2:      layout_loops_cross, minmay_lizard_king, uniq_terence

Action                     || total
---------------------------++-------
  Melee: Unarmed           ||    46
         Constrict         ||    22
         Tentacles         ||    13
   Stab: Sleeping          ||     3
         Distracted        ||     2
 Armour: Skin              ||     5
  Dodge: Dodged            ||    33
   Form: Beast             ||     1
         Maw               ||     1

Table legend: (Time is in decaauts)
 A = Elapsed time spent in this place.
 B = Non-inter-level travel time spent in this place.
 C = Inter-level travel time spent in this place.
 D = Time resting spent in this place.
 E = Time spent auto-exploring this place.
 F = Levels seen in this place.
 G = Mean time per level.
                   A        B        C        D        E       F      G
               +--------+--------+--------+--------+--------+-----+--------+
         Total |   1116 |   1078 |     38 |      0 |    916 |   2 |  558.0 |
       Dungeon |   1116 |   1078 |     38 |      0 |    916 |   2 |  558.0 |
               +--------+--------+--------+--------+--------+-----+--------+

Top non-repeatable levels by time:
     D:1: 926 daAuts
     D:2: 189 daAuts
